Map: Temple gelé

Players

Disturbers

  • Race: Zerg Zerg
  • League: Silver

pupu - Winner!

  • Race: Protoss Protoss
  • League: Gold

VOD

Have the link to the VOD?

Description

Time

  • Played on: April 21, 2016, 12:23 p.m.
  • Length: 12:27
Show
View Real Time Build Order
Export as new Build Order

Disturbers Zerg 

Build Orders: Pool First 

Get SALT Encoding   

  12  0:03  Drone  
  13  0:08  Drone  
  14  0:17  Overlord  
  14  0:35  Drone x2  
  16  0:36  Drone  
  17  0:45  Spawning Pool  
  17  0:48  Drone  
  17  0:57  Drone  
  18  1:03  Extractor  
  17  1:08  Drone  
  18  1:18  Drone  
  19  1:29  Drone  
  20  1:37  Queen  
  22  1:41  Overlord  
  22  1:48  Hatchery  
  21  1:59  Zergling x2  
  22  2:02  Metabolic Boost  
  22  2:07  Drone  
  22  2:08  Roach Warren  
  22  2:15  Drone  
  23  2:25  Overlord  
  23  2:41  Zergling x2  
  24  2:49  Roach  
  24  2:50  Roach x3  
  32  3:04  Queen  
  34  3:06  Roach x2  
  34  3:11  Roach  
  40  3:23  Drone  
  40  3:24  Drone  
  42  3:28  Spine Crawler  
  42  3:31  Zergling x6  
  35  4:46  Zergling x14  
  36  4:57  Spore Crawler  
  31  5:05  Spine Crawler  
  30  5:15  Evolution Chamber  
  29  5:25  Evolution Chamber  
  29  5:28  Drone x6  
  34  5:29  Drone x6  
  34  5:32  Lair  
  40  5:35  Extractor  
  39  5:55  Hatchery, Zerg Ground Armor Level 1  
  38  6:03  Zerg Missile Weapons Level 1  
  38  6:05  Roach x3  
  44  6:12  Overlord x2  
  44  6:13  Overlord x3  
  30  6:54  Extractor  
  30  6:55  Extractor  
  11  7:30  Roach x7  
  11  7:33  Roach x2  
  26  7:38  Drone x4  
  26  8:33  Drone x4  
  30  8:40  Drone  
  29  9:12  Queen  
  31  9:18  Drone  
  32  9:32  Drone  
  32  9:34  Drone  
  34  9:54  Drone  
  34  9:55  Drone x2  
  17  11:03  Zergling x22  
  17  11:04  Zergling x6  
  25  11:09  Queen  
  25  11:38  Zergling x12  
  11  12:03  Zergling x2  
  11  12:08  Zergling x2  
Show
View Real Time Build Order
Export as new Build Order

pupu Protoss - Winner!

Build Orders: 1 Gate Expand 

Get SALT Encoding   

  12  0:01  Probe (Chrono Boost)  
  13  0:11  Probe (Chrono Boost)  
  14  0:20  Pylon  
  14  0:22  Probe (Chrono Boost)  
  15  0:38  Probe (Chrono Boost)  
  15  0:39  Gateway  
  16  0:49  Probe (Chrono Boost)  
  17  0:50  Assimilator  
  17  0:58  Assimilator  
  17  0:59  Probe (Chrono Boost)  
  18  1:10  Probe (Chrono Boost)  
  19  1:21  Probe (Chrono Boost)  
  20  1:31  Probe (Chrono Boost)  
  21  1:40  Nexus  
  21  1:46  Cybernetics Core  
  21  2:02  Probe (Chrono Boost)  
  22  2:10  Pylon  
  22  2:13  Probe (Chrono Boost)  
  23  2:22  Warp Gate (Chrono Boost)  
  23  2:28  Probe, Adept  
  26  2:37  Robotics Facility  
  26  2:40  Probe  
  27  2:45  Pylon  
  27  2:51  Probe  
  27  2:53  Mothership Core  
  30  3:01  Probe  
  30  3:02  Sentry  
  33  3:12  Gateway  
  33  3:18  Gateway  
  33  3:19  Probe  
  34  3:21  Probe  
  35  3:32  Warp Prism  
  37  3:40  Probe  
  37  3:41  Probe  
  37  3:46  Twilight Council  
  39  4:19  Pylon  
  37  4:29  Stalker x2  
  34  4:52  Probe  
  34  4:53  Probe  
  36  5:02  Probe  
  36  5:05  Probe  
  38  5:13  Pylon  
  38  5:14  Probe  
  38  5:15  Pylon  
  38  5:17  Pylon  
  38  5:18  Probe  
  38  5:20  Pylon  
  38  5:25  Gateway x2  
  38  5:27  Pylon  
  38  5:30  Probe  
  38  5:35  Resonating Glaives (Chrono Boost)  
  39  5:38  Probe  
  39  5:41  Adept x2  
  44  5:53  Probe  
  44  5:54  Probe  
  44  5:56  Gateway  
  46  5:58  Gateway  
  46  6:01  Adept  
  46  6:03  Adept  
  50  6:06  Sentry  
  50  6:45  Adept x2  
  50  6:46  Adept  
  54  7:42  Adept x3  
  60  7:50  Immortal  
  62  7:58  Probe  
  60  7:59  Probe  
  60  8:02  Adept x4, Pylon  
  60  8:03  Pylon, Adept x3  
  66  8:06  Pylon  
  66  8:07  Pylon  
  66  8:11  Probe  
  53  8:29  Stalker x4  
  57  8:39  Stalker x3  
  63  8:47  Probe  
  63  8:49  Probe  
  51  9:14  Pylon  
  51  9:44  Stalker x4  
  51  9:45  Stalker  
  57  10:17  Stalker x2  
  57  10:18  Stalker x3  
  57  10:19  Stalker  
  67  10:41  Stalker x4  
  67  10:42  Stalker x3  
  79  11:13  Stalker x2, Gateway  
  79  11:14  Stalker x5  
  73  11:41  Stalker x5  
  73  11:42  Stalker  
  79  12:12  Stalker  
  79  12:15  Zealot x6  
Tags
 
Add a new tag
Caveats
  • Supply blocks, unpowered buildings, or Contaminate may cause inaccurate times.
  • Supply counts are checked every 10 seconds.